Map: Incorporeal LE

Players

Harstem

  • Race: Protoss Protoss
  • League: Grandmaster
  • Spawn Location: 5:00

A.I. 1 (Very Easy) - Winner!

  • Race: Zerg Zerg
  • Spawn Location: 11:00

VOD

Have the link to the VOD?

Description

Time

  • Played on: Aug. 21, 2025, 10:20 a.m.
  • Length: 9:15
Show
View Real Time Build Order
Export as new Build Order

Harstem Protoss 

Build Orders: 1 Gate Expand, Archon Immortal, Mass Adepts 

Get SALT Encoding   

  12  0:00  Probe  
  13  0:12  Probe  
  14  0:19  Pylon  
  14  0:24  Probe  
  15  0:33  Probe  
  15  0:40  Gateway  
  15  0:41  Probe  
  16  0:49  Assimilator  
  17  0:51  Probe  
  18  1:03  Probe  
  19  1:15  Probe  
  20  1:25  Nexus  
  20  1:35  Cybernetics Core  
  20  1:37  Probe  
  21  1:45  Assimilator  
  21  1:50  Probe  
  21  1:53  Pylon  
  21  2:01  Adept  
  21  2:02  Probe  
  22  2:10  Probe  
  22  2:11  Warp Gate  
  25  2:18  Probe  
  26  2:23  Adept  
  26  2:28  Probe  
  26  2:31  Twilight Council  
  29  2:37  Probe  
  29  2:40  Probe  
  31  2:49  Probe  
  31  2:50  Resonating Glaives  
  32  2:52  Probe  
  32  2:53  Gateway  
  33  3:01  Probe  
  33  3:02  Gateway  
  35  3:06  Gateway  
  35  3:07  Probe  
  35  3:13  Adept, Probe  
  35  3:19  Probe  
  39  3:25  Probe  
  40  3:31  Probe  
  41  3:38  Nexus  
  41  3:39  Probe  
  42  3:42  Pylon  
  43  3:50  Pylon  
  43  4:00  Adept x4  
  43  4:02  Probe  
  51  4:03  Probe  
  51  4:07  Pylon  
  52  4:14  Probe  
  53  4:21  Adept x4  
  53  4:23  Probe  
  62  4:27  Probe  
  62  4:28  Assimilator  
  63  4:35  Probe  
  63  4:37  Robotics Facility  
  63  4:38  Pylon  
  64  4:39  Probe  
  64  4:45  Adept x2  
  67  4:47  Probe  
  67  4:51  Assimilator  
  67  4:52  Probe  
  71  4:53  Probe  
  71  4:56  Probe  
  71  4:58  Adept x2  
  76  5:03  Phoenix  
  76  5:04  Probe  
  78  5:09  Probe x2  
  80  5:16  Probe  
  80  5:20  Pylon, Sentry  
  83  5:21  Sentry, Probe  
  83  5:22  Stalker  
  83  5:24  Probe  
  83  5:26  Pylon  
  90  5:28  Immortal  
  90  5:34  Shield Battery  
  91  5:39  Probe x2  
  91  5:40  Probe  
  96  5:47  Forge  
  96  5:51  Sentry, Adept, Probe x2  
  96  5:52  Probe  
  96  5:55  Pylon  
  103  5:58  Immortal  
  103  5:59  Sentry, Pylon  
  106  6:08  Protoss Ground Weapons Level 1  
  106  6:09  Pylon, Phoenix  
  106  6:11  Assimilator  
  109  6:13  Probe x2  
  109  6:15  Assimilator, Probe  
  112  6:21  Charge  
  112  6:28  Immortal  
  112  6:29  Gateway x2  
  112  6:33  Probe  
  112  6:35  Gateway x2  
  114  6:45  Pylon  
  117  6:48  Templar Archives, Probe x2  
  119  6:54  Photon Cannon  
  119  6:56  Pylon, Probe  
  119  6:59  Immortal  
  120  7:04  Pylon, Psionic Storm  
  124  7:13  Nexus  
  124  7:15  Pylon  
  124  7:17  Probe  
  125  7:24  High Templar x2  
  125  7:27  Pylon  
  125  7:28  Pylon  
  129  7:32  High Templar  
  129  7:36  Pylon, Probe x2  
  133  7:41  Zealot x3, High Templar  
  141  7:45  Shield Battery  
  141  7:49  Assimilator  
  141  7:50  Immortal  
  145  7:53  Assimilator  
  145  7:55  Probe  
  145  7:56  Probe x2  
  148  8:06  High Templar x2  
  148  8:07  Zealot x4  
  148  8:10  Pylon  
  148  8:11  Probe x2  
  148  8:12  Archon  
  162  8:17  Immortal  
  162  8:23  Probe  
  162  8:25  Probe  
  164  8:32  Probe x2  
  170  8:37  Photon Cannon  
  170  8:38  Photon Cannon  
  170  8:41  Photon Cannon  
  170  8:42  Zealot x2, High Templar x2  
  170  8:47  Archon  
  178  8:53  Gateway  
  178  8:54  Gateway  
  178  8:56  High Templar x2  
  178  8:57  Zealot x2  
  178  9:00  Archon  
  186  9:02  Pylon  
  186  9:09  High Templar x2  
Show
View Real Time Build Order
Export as new Build Order

A.I. 1 (Very Easy) Zerg - Winner!

Build Orders: Pool First 

Get SALT Encoding   

  12  0:00  Drone  
  13  0:12  Overlord  
  13  0:16  Drone  
  14  0:34  Spawning Pool  
  13  0:37  Drone  
  13  0:41  Extractor  
  13  0:44  Drone  
  14  0:51  Overlord  
  14  1:21  Zergling x2  
  14  1:24  Queen  
  17  1:31  Roach Warren  
  16  1:35  Drone  
  16  1:39  Extractor  
  16  1:43  Drone  
  17  1:47  Zergling x2  
  18  2:02  Drone  
  19  2:09  Drone  
  19  2:14  Zergling x2  
  21  2:18  Drone  
  22  2:28  Overlord  
  22  2:32  Drone  
  23  2:39  Drone  
  23  2:41  Roach  
  26  2:46  Drone  
  27  4:54  Zergling x2  
  23  5:01  Queen  
  23  5:02  Drone  
  18  5:10  Drone  
  5  5:17  Drone  
  5  5:20  Zergling x2  
  6  5:24  Drone  
  7  5:31  Drone  
  8  5:39  Drone  
  9  5:46  Drone  
  9  5:47  Zergling x2  
  11  5:53  Drone  
  12  6:00  Drone  
  13  6:07  Drone  
  14  6:15  Drone  
  14  6:16  Roach  
  17  6:22  Drone  
  18  6:29  Drone  
  19  6:36  Drone  
  20  6:42  Zergling x2  
  20  6:43  Drone  
  22  6:51  Drone  
  23  6:58  Drone  
  24  7:05  Drone  
  25  7:11  Lair  
  25  7:12  Drone  
  26  7:18  Hatchery  
  26  7:19  Drone  
  26  7:21  Zergling x2, Overlord  
  25  7:27  Drone  
  23  7:41  Drone  
  24  7:48  Drone  
  24  7:50  Roach  
  27  7:55  Drone  
  28  8:08  Overseer  
  28  8:11  Overseer  
  28  8:15  Hatchery  
  28  8:16  Drone  
  28  8:19  Zergling x2  
  29  9:10  Spire  
Tags
 
Add a new tag
Caveats
  • Supply blocks, unpowered buildings, or Contaminate may cause inaccurate times.
  • Supply counts are checked every 10 seconds.